Map: Lightshade LE

Players

Armani - Winner!

  • Race: Zerg Zerg
  • League: Master

DPGZest (Zest)

  • Race: Protoss Protoss

Event: TSL 7

VOD

Have the link to the VOD?

Description

Time

  • Played on: June 12, 2021, 12:03 p.m.
  • Length: 15:12

All games in this series

Show
View Real Time Build Order
Export as new Build Order

Armani Zerg - Winner!

Build Orders: Hatch First, Lurkers, Roach Hydra 

Get SALT Encoding   

  12  0:00  Drone  
  13  0:11  Overlord  
  13  0:16  Drone  
  14  0:30  Drone x2  
  16  0:47  Hatchery  
  15  0:50  Drone  
  15  0:54  Drone  
  17  0:57  Drone  
  17  1:03  Extractor  
  17  1:13  Spawning Pool  
  17  1:18  Drone  
  17  1:20  Drone  
  18  1:27  Drone  
  19  1:38  Drone  
  20  1:49  Drone  
  21  2:00  Queen x2, Zergling x2  
  26  2:02  Overlord  
  26  2:08  Metabolic Boost  
  26  2:14  Drone  
  27  2:16  Drone  
  27  2:21  Drone  
  27  2:22  Drone  
  30  2:35  Hatchery  
  29  2:40  Drone x2  
  29  2:42  Drone  
  32  2:49  Queen  
  34  2:53  Overlord  
  34  2:55  Drone  
  35  2:59  Drone  
  35  3:04  Overlord  
  36  3:12  Drone x5  
  41  3:14  Drone  
  41  3:16  Drone  
  43  3:20  Drone  
  43  3:26  Roach Warren  
  43  3:28  Extractor  
  43  3:30  Queen  
  43  3:32  Drone  
  43  3:34  Drone  
  46  3:36  Spore Crawler  
  45  3:44  Drone x4  
  49  3:49  Drone x2  
  49  3:51  Overlord  
  51  4:00  Spore Crawler  
  50  4:06  Roach x2  
  50  4:07  Roach  
  50  4:08  Zergling x4  
  58  4:11  Zergling x4  
  58  4:12  Overlord  
  60  4:17  Zergling x6  
  60  4:19  Spore Crawler  
  60  4:24  Zergling x6  
  65  4:34  Drone x5  
  65  4:37  Drone  
  70  4:40  Drone  
  70  4:42  Queen  
  70  4:45  Drone x3  
  73  4:48  Drone  
  73  4:49  Overlord  
  74  4:52  Overlord  
  74  4:55  Overlord  
  73  5:02  Lair  
  73  5:06  Overlord x2  
  73  5:08  Overlord  
  73  5:13  Queen  
  75  5:15  Ravager x3  
  75  5:19  Zergling x6  
  75  5:20  Drone  
  82  5:24  Extractor, Evolution Chamber, Overlord  
  82  5:25  Extractor  
  82  5:28  Drone x2  
  79  5:29  Drone  
  79  5:31  Drone  
  79  5:32  Drone  
  79  5:33  Drone  
  83  5:36  Drone  
  83  5:38  Drone x2  
  83  5:39  Drone  
  83  5:41  Drone  
  88  5:51  Zerg Missile Weapons Level 1  
  88  5:56  Drone x2  
  90  5:57  Drone x5  
  90  5:59  Extractor, Overlord  
  90  6:00  Extractor  
  90  6:03  Drone x3  
  96  6:05  Drone x2, Overseer  
  96  6:07  Glial Reconstitution  
  98  6:14  Queen x2  
  98  6:18  Drone  
  103  6:21  Drone x2  
  103  6:24  Drone  
  106  6:26  Infestation Pit  
  106  6:28  Drone  
  106  6:30  Overlord  
  106  6:32  Overlord  
  106  6:39  Roach x5  
  117  6:40  Roach  
  114  6:48  Drone  
  114  6:51  Hatchery  
  114  6:59  Hydralisk Den  
  114  7:01  Roach x4  
  121  7:02  Overlord  
  121  7:04  Hive  
  121  7:06  Overseer  
  121  7:08  Overlord  
  121  7:09  Overlord  
  121  7:14  Drone x2  
  121  7:17  Spore Crawler  
  121  7:19  Drone x2  
  121  7:22  Spore Crawler  
  121  7:26  Drone x2, Spore Crawler  
  121  7:27  Drone, Spore Crawler  
  121  7:29  Spore Crawler  
  121  7:31  Grooved Spines  
  121  7:41  Drone x2  
  120  7:48  Spore Crawler, Zerg Missile Weapons Level 2  
  120  7:49  Drone x3  
  120  7:50  Drone  
  118  7:58  Hydralisk  
  118  7:59  Hydralisk x6  
  132  8:16  Viper x3  
  132  8:19  Drone x5  
  143  8:27  Drone x5  
  137  8:31  Drone x8  
  137  8:32  Drone  
  141  8:41  Hydralisk  
  141  8:43  Overlord x2  
  141  8:44  Overlord x2  
  141  8:45  Overlord  
  143  8:52  Lurker Den, Spore Crawler x2, Overlord  
  143  8:53  Overlord  
  140  8:56  Overlord  
  140  8:57  Drone  
  140  9:02  Muscular Augments  
  141  9:07  Extractor  
  140  9:10  Extractor  
  136  9:18  Drone  
  136  9:19  Hydralisk  
  136  9:20  Hydralisk x5  
  143  9:27  Drone x4  
  146  9:32  Pneumatized Carapace  
  146  9:33  Overseer  
  146  9:37  Viper x3  
  154  9:44  Evolution Chamber  
  153  9:52  Seismic Spines  
  153  9:56  Drone x2  
  153  9:58  Spine Crawler  
  153  9:59  Spine Crawler  
  144  10:15  Zerg Missile Weapons Level 3  
  144  10:17  Drone x4  
  144  10:18  Drone x4  
  144  10:19  Drone x2  
  144  10:21  Drone, Spine Crawler  
  154  10:22  Spine Crawler x2  
  154  10:27  Lurker x5  
  156  10:33  Zerg Ground Armor Level 1  
  156  10:35  Hydralisk  
  156  10:39  Hatchery  
  156  10:41  Hydralisk x2  
  161  10:50  Adaptive Talons  
  161  10:54  Overseer  
  159  11:09  Hydralisk x11  
  171  11:17  Lurker  
  170  11:18  Lurker  
  170  11:21  Zergling x38  
  170  11:22  Zergling x4  
  186  11:46  Hydralisk x9  
  198  11:51  Drone x3  
  198  11:53  Spine Crawler x2, Lurker  
  196  11:55  Spine Crawler x2  
  194  12:10  Lurker x4  
  194  12:11  Lurker  
  197  12:31  Nydus Network  
  191  12:44  Zerg Ground Armor Level 2  
  191  12:48  Spire  
  191  12:50  Drone  
  186  12:59  Hydralisk  
  186  13:00  Hydralisk x6  
  186  13:03  Overseer  
  200  13:19  Nydus Canal  
  198  13:25  Hydralisk x5  
  198  13:26  Hatchery  
  187  13:37  Nydus Canal  
  187  13:39  Hydralisk x2  
  173  14:02  Hydralisk x3  
  158  14:03  Hydralisk x6  
  170  14:16  Hydralisk x7  
Show
View Real Time Build Order
Export as new Build Order

DPGZest Protoss 

Build Orders: 1 Gate Expand, Oracle Opening, Carriers, Chargelot Immortal 

Get SALT Encoding   

  12  0:00  Probe  
  13  0:12  Probe  
  14  0:20  Pylon  
  14  0:24  Probe  
  15  0:38  Probe (Chrono Boost)  
  15  0:39  Gateway  
  16  0:47  Probe (Chrono Boost)  
  16  0:49  Assimilator  
  17  0:52  Probe (Chrono Boost)  
  18  1:04  Probe  
  19  1:16  Probe  
  20  1:26  Nexus  
  20  1:37  Cybernetics Core  
  20  1:40  Probe  
  20  1:46  Assimilator  
  21  1:52  Probe  
  22  1:56  Pylon  
  22  2:04  Probe (Chrono Boost)  
  23  2:13  Warp Gate  
  23  2:14  Stalker  
  26  2:16  Probe (Chrono Boost)  
  26  2:20  Probe (Chrono Boost)  
  27  2:28  Stargate  
  27  2:33  Probe (Chrono Boost)  
  28  2:38  Probe (Chrono Boost)  
  28  2:43  Adept  
  32  2:47  Probe (Chrono Boost)  
  32  2:48  Probe (Chrono Boost)  
  33  2:52  Probe (Chrono Boost)  
  33  2:55  Probe  
  35  3:03  Gateway  
  35  3:04  Probe  
  36  3:07  Probe  
  36  3:08  Oracle (Chrono Boost)  
  40  3:13  Adept  
  40  3:17  Pylon  
  40  3:19  Probe  
  43  3:21  Probe  
  44  3:31  Probe  
  44  3:34  Probe  
  46  3:38  Oracle (Chrono Boost), Pylon  
  49  3:44  Probe  
  49  3:46  Probe  
  51  3:48  Assimilator  
  51  3:54  Pylon  
  51  3:56  Probe  
  51  3:59  Assimilator  
  51  4:00  Void Ray (Chrono Boost)  
  51  4:01  Adept x2  
  56  4:04  Pylon  
  60  4:18  Probe  
  60  4:19  Probe  
  62  4:30  Probe, Pylon  
  62  4:31  Probe  
  64  4:39  Void Ray (Chrono Boost)  
  64  4:51  Pylon  
  68  5:02  Nexus  
  68  5:06  Shield Battery  
  68  5:09  Probe x2  
  68  5:13  Stargate x2  
  69  5:21  Probe  
  69  5:22  Probe  
  69  5:24  Phoenix  
  73  5:34  Probe  
  74  5:37  Probe, Pylon  
  75  5:46  Probe  
  77  5:51  Pylon  
  77  5:54  Pylon  
  77  5:55  Phoenix (Chrono Boost)  
  77  5:56  Phoenix x2 (Chrono Boost)  
  83  5:58  Probe  
  83  6:02  Adept x2  
  83  6:03  Shield Battery  
  87  6:08  Shield Battery  
  87  6:09  Shield Battery  
  87  6:11  Shield Battery  
  87  6:14  Phoenix  
  87  6:15  Phoenix  
  87  6:17  Phoenix (Chrono Boost)  
  93  6:22  Probe x2  
  93  6:24  Probe  
  96  6:31  Twilight Council  
  96  6:32  Forge  
  96  6:33  Pylon  
  96  6:34  Probe x2  
  96  6:37  Probe  
  96  6:39  Phoenix (Chrono Boost), Pylon  
  99  6:46  Probe x2  
  105  6:47  Phoenix (Chrono Boost)  
  105  6:49  Probe, Phoenix (Chrono Boost)  
  105  6:54  Assimilator x2  
  108  6:57  Gateway  
  108  7:00  Phoenix  
  110  7:05  Phoenix  
  110  7:06  Probe x2  
  111  7:16  Phoenix  
  111  7:20  Probe x3  
  116  7:27  Photon Cannon, Charge  
  116  7:29  Protoss Ground Weapons Level 1  
  116  7:30  Gateway  
  116  7:32  Probe x3  
  123  7:50  Probe  
  124  7:55  Gateway  
  124  7:57  Gateway  
  120  8:01  Robotics Facility  
  120  8:02  Gateway, Robotics Facility  
  120  8:03  Gateway  
  120  8:06  Zealot x3  
  126  8:23  Probe  
  125  8:32  Zealot x3  
  125  8:37  Gateway  
  125  8:38  Gateway  
  125  8:42  Gateway  
  125  8:44  Gateway  
  125  8:46  Templar Archives, Pylon  
  125  8:47  Immortal x2 (Chrono Boost)  
  125  8:49  Zealot, Pylon  
  125  8:50  Pylon, Zealot  
  137  9:05  Photon Cannon  
  137  9:15  Psionic Storm  
  135  9:23  Immortal x2 (Chrono Boost)  
  129  9:27  High Templar x5  
  145  9:33  Nexus  
  145  9:37  Pylon  
  143  9:46  Protoss Ground Weapons Level 2 (Chrono Boost)  
  143  9:49  High Templar x2  
  147  9:54  Probe x3  
  147  9:56  Immortal (Chrono Boost)  
  147  9:59  Immortal (Chrono Boost)  
  158  10:07  Photon Cannon x2  
  156  10:17  Probe x3  
  159  10:26  Blink (Chrono Boost)  
  159  10:28  Immortal (Chrono Boost)  
  159  10:29  Probe, Immortal (Chrono Boost)  
  159  10:30  Probe  
  159  10:33  Assimilator  
  169  10:38  Assimilator  
  169  10:52  Pylon  
  169  10:55  Photon Cannon  
  169  10:58  Observer (Chrono Boost)  
  169  10:59  Zealot x8, Warp Prism (Chrono Boost)  
  169  11:00  Zealot x4  
  192  11:25  Stargate  
  191  11:26  Observer (Chrono Boost), Fleet Beacon  
  191  11:29  Observer (Chrono Boost)  
  174  11:50  Zealot  
  174  11:51  Zealot x11  
  186  12:12  Carrier (Chrono Boost)  
  198  12:22  Carrier (Chrono Boost)  
  195  12:25  Carrier (Chrono Boost)  
  198  12:38  Protoss Air Weapons Level 1 (Chrono Boost)  
  198  12:41  Carrier (Chrono Boost)  
  188  12:57  Photon Cannon  
  182  13:00  Shield Battery  
  182  13:03  Photon Cannon  
  182  13:04  Photon Cannon  
  182  13:05  Photon Cannon x2  
  182  13:07  Photon Cannon, Shield Battery  
  182  13:08  Shield Battery  
  182  13:09  Carrier  
  182  13:10  Shield Battery  
  182  13:11  Shield Battery  
  188  13:19  Carrier  
  193  13:22  Carrier  
  186  13:38  Zealot  
  168  14:01  Zealot x6  
  180  14:12  Pylon  
  180  14:14  Pylon  
  180  14:15  Pylon  
  160  14:18  Pylon  
  160  14:20  Pylon  
  160  14:22  Zealot  
  160  14:23  Zealot x5  
  150  14:31  Observer x2 (Chrono Boost)  
  150  14:32  Gateway  
  150  14:34  Gateway  
  150  14:36  Gateway  
  140  14:38  Gateway  
Tags
 
Add a new tag
Caveats
  • Supply blocks, unpowered buildings, or Contaminate may cause inaccurate times.
  • Supply counts are checked every 10 seconds.